 Dungeon Crawl Stone Soup version 0.27.1 (webtiles) character file.

Game seed: 960422828220380298

764 ZARRMARR the Sneak (level 7, -5/46 HPs)
             Began as an Octopode Hedge Wizard on Sept 4, 2021.
             Was an Initiate of Sif Muna.
             Shot with an arrow by a centaur (6 damage)
             ... on level 5 of the Dungeon.
             The game lasted 00:19:16 (6102 turns).

ZARRMARR the Sneak (Octopode Hedge Wizard)          Turns: 6102, Time: 00:19:17

Health: -5/46      AC:  8    Str:  9    XL:     7   Next: 81%
Magic:  19/22      EV: 14    Int: 18    God:    Sif Muna [......]
Gold:   126        SH:  0    Dex: 12    Spells: 14/15 levels left

rFire    . . .     SeeInvis .   n - +3 dagger (protect)
rCold    . . .     Faith    .   (no shield)
rNeg     . . .     Spirit   .   b - +0 hat
rPois    .         Reflect  .   (no amulet)
rElec    .         Harm     .   c - ring of magical power
rCorr    .         Rampage  .   h - +4 ring of slaying
Will     .....                  (no ring)
Stlth    ++++......             (no ring)
HPRegen  0.15/turn              (no ring)
MPRegen  0.18/turn              (no ring)
                                (no ring)
                                (no ring)

@: under a protective aura
A: almost no armour, amphibious, 8 rings, camouflage 1, gelatinous body 1,
(nimble swimmer 1), tentacles
a: Renounce Religion


You were on level 5 of the Dungeon.
You worshipped Sif Muna.
Sif Muna was noncommittal.
You visited 2 branches of the dungeon, and saw 6 of its levels.

You collected 126 gold pieces.

Inventory:

Hand Weapons
 n - a +3 dagger of protection (weapon)
Armour
 b - a +0 hat (worn)
Jewellery
 c - a ring of magical power (left tentacle)
 h - a +4 ring of slaying (right tentacle)
Wands
 i - a wand of acid (6)
Scrolls
 a - a scroll of amnesia
 e - a scroll of noise {unknown}
 k - a scroll of holy word {unknown}
 l - a scroll of fear {unknown}
 o - a scroll of brand weapon {unknown}
 p - a scroll of enchant weapon {unknown}
Potions
 d - a potion of heal wounds {unknown}
 f - a potion of lignification {unknown}
 g - a potion of magic {unknown}
 j - a potion of berserk rage {unknown}
 m - 2 potions of haste {unknown}


   Skills:
 + Level 3.4 Fighting
 + Level 4.1 Dodging
 + Level 5.9 Stealth
 + Level 4.5 Spellcasting
 + Level 3.7 Conjurations
 - Level 1.0 Summonings
 - Level 1.0 Translocations


You had 14 spell levels left.
You knew the following spells:

 Your Spells              Type           Power      Damage    Failure   Level
a - Magic Dart            Conj           68%        1d6       3%          1

Your spell library contained the following spells:

 Spells                   Type           Power      Damage    Failure   Level
 Blink                    Tloc           N/A        N/A       14%         2
 Call Imp                 Summ           7%         N/A       14%         2
 Conjure Flame            Conj/Fire      10%        6-21      19%         3
 Slow                     Hex            4%         N/A       22%         2
 Mephitic Cloud           Conj/Pois/Air  8%         N/A       26%         3
 Gell's Gravitas          Tloc           3%         N/A       28%         3
 Lesser Beckoning         Tloc           3%         N/A       28%         3
 Teleport Other           Tloc           7%         N/A       28%         3
 Animate Dead             Necr           2%         N/A       80%         4
 Haunt                    Necr/Summ      2%         N/A       100%        7
 Infestation              Necr           2%         N/A       100%        8


Dungeon Overview and Level Annotations

Branches:
Dungeon (5/15)             Temple (1/1) D:4

Altars:
Ashenzari
Cheibriados
Dithmenos
Elyvilon
Fedhas
Gozag
Hepliaklqana
Nemelex Xobeh
Okawaru
Ru
Sif Muna
Uskayaw
Vehumet
Wu Jian
Xom
Yredelemnul

Annotations:
D:4 Pikel


Innate Abilities, Weirdness & Mutations

You cannot wear most types of armour.
You are amphibious.
You can wear up to eight rings at the same time.
Your skin changes colour to match your surroundings (Stealth+).
Your rubbery body absorbs attacks. (AC +1, EV +1)
((You are camouflaged near water. (Stealth+)))
You have tentacles for arms and can constrict up to eight enemies at once.


Message History

You kill the orc!
Sif Muna accepts your kill.
You barely miss the orc priest. Your grab misses the orc priest.
The orc priest miscasts a cantrip.
An orc comes into view. It is wielding a +0 hand axe.
You hit the orc priest. You grab the orc priest.
The orc priest is lightly wounded.
You constrict the orc priest.
The orc priest hits you but does no damage.
The orc priest invokes the aid of Beogh against you.
Beogh smites you!
You hear a shout! x2
You puncture the orc priest! You squeeze the orc priest.
You kill the orc priest!
Sif Muna accepts your kill.
You hear a shout!
A centaur comes into view.
You puncture the orc priest! You grab the orc priest.
You squeeze the orc priest.
The orc priest is almost dead.
You constrict the orc priest, but do no damage.
The orc priest looks encouraged for a moment.
You hit the orc priest but do no damage.
The orc priest is almost dead.
You constrict the orc priest, but do no damage.
The orc priest invokes the aid of Beogh against you.
Beogh smites you!
* * * LOW HITPOINT WARNING * * *
You hit the orc priest but do no damage.
The orc priest is almost dead.
You constrict the orc priest, but do no damage.
The orc priest calls down the wrath of Beogh upon you.
Pain shoots through your body!
* * * LOW HITPOINT WARNING * * *
You hit the orc priest.
You kill the orc priest!
Sif Muna accepts your kill.
The centaur wields a +0 shortbow.
The centaur shoots an arrow.
The arrow hits you.
You die...

..... .... ....o# #+# .... ?
....##....# #.###+#...###. ..
..........###.#........... .
..........oc).+........... . #
.....##.# #@#........... ..#
...##.# #.#...........
..#######.##.###.#..<......#
....................#...#### +
............?...........# #.
..##.#.##...............###
##.
.###<#.##############.....+ ..
.# #.#.# #######...########.
.#
#.#.########.........####...#.


You could see a centaur and an orc.

Vanquished Creatures
  Menkaure (D:5)
  A sky beast (D:5)
  An ogre (D:3)
  A scorpion (D:5)
  A jelly (D:5)
  A hound (D:5)
  3 orc priests
  Jessica (D:3)
  An iguana (D:4)
  2 orc wizards (D:4)
  Ijyb (D:3)
  Robin (D:2)
  2 adders
  An ufetubus (D:4)
  4 worms
  4 dart slugs
  8 orcs
  6 ball pythons
  5 bats
  4 endoplasms
  3 giant cockroaches
  26 goblins
  5 hobgoblins
  A jackal (D:2)
  8 kobolds
  4 quokkas
  5 frilled lizards
  5 rats
106 creatures vanquished.

Vanquished Creatures (others)
  4 toadstools (D:1)
4 creatures vanquished.

Grand Total: 110 creatures vanquished

Notes
Turn   | Place    | Note
-------+----------+-------------------------------------------
     0 | D:1      | ZARRMARR the Octopode Hedge Wizard began the quest for the
                  | Orb.
     0 | D:1      | Reached XP level 1. HP: 11/11 MP: 4/4
   392 | D:1      | Reached XP level 2. HP: 17/17 MP: 6/6
  1038 | D:1      | Reached skill level 3 in Stealth
  1482 | D:2      | Reached XP level 3. HP: 15/22 MP: 7/7
  1952 | D:2      | Reached skill level 1 in Fighting
  1959 | D:2      | Noticed Robin
  2272 | D:2      | Killed Robin
  2273 | D:2      | Reached XP level 4. HP: 20/28 MP: 9/9
  3349 | D:3      | Noticed Ijyb
  3352 | D:3      | Killed Ijyb
  3478 | D:3      | Reached XP level 5. HP: 33/33 MP: 10/10
  3564 | D:3      | Reached skill level 4 in Stealth
  3820 | D:3      | Found an iron altar of Okawaru.
  3904 | D:3      | Noticed Jessica
  3914 | D:3      | Killed Jessica
  4037 | D:3      | Noticed an ogre
  4406 | D:4      | Found a staircase to the Ecumenical Temple.
  4473 | Temple   | Entered the Ecumenical Temple
  4580 | Temple   | Became a worshipper of Sif Muna the Loreminder
  4671 | D:4      | Reached XP level 6. HP: 39/39 MP: 11/11
  5056 | D:4      | Noticed Pikel
  5570 | D:4      | Reached skill level 5 in Stealth
  5759 | D:5      | Entered Level 5 of the Dungeon
  5759 | D:5      | Noticed a sky beast
  5763 | D:5      | Killed a sky beast
  5764 | D:5      | Reached XP level 7. HP: 28/45 MP: 13/13
  6011 | D:5      | Noticed Menkaure
  6016 | D:5      | Killed Menkaure
  6101 | D:5      | HP: 1/46 [orc priest/nerve-wracking pain (11)]
  6102 | D:5      | Shot with an arrow by a centaur

Illustrated notes

Levels and vault maps discovered:
D:1:      ldierk_walled_garden_2, layout_loops_ring, serial_bayou_ford_a,
          minmay_misc_feat_square
D:2:      kennysheep_six_static_rooms, layout_basic, uniq_robin
D:3:      layout_loops_corners, mainiacjoe_overflow_brackets,
          minmay_ogre_servants, uniq_ijyb, uniq_jessica
D:4:      layout_rooms, minmay_temple_entry_wispy, uniq_pikel
D:5:      layout_basic, nicolae_ossuary_entry_plus, kennysheep_nondescript,
          kennysheep_another_room, uniq_menkaure
Temple:   regret_index_temple_waves

Skill      XL: |  1  2  3  4  5  6  7 |
---------------+----------------------+-----
Stealth        | 3 4 5 |  5.9
Fighting       | 1 2 3 |  3.4
Conjurations   | 2 3 |  3.7
Dodging        | 3 4 |  4.1
Spellcasting   | 4 |  4.5
Summonings     | |  1.0
Translocations | |  1.0

Action                   |  1- 3 |  4- 6 |  7- 9 || total
-------------------------+-------+-------+-------++-------
Melee: Dagger            |    25 |    60 |    16 ||   101
       Constrict         |     8 |    14 |     4 ||    26
       Tentacles         |     3 |     8 |     5 ||    16
 Cast: Magic Dart        |    85 |   148 |    14 ||   247
Evoke: Wand              |       |       |     2 ||     2
  Use: Scroll            |       |     2 |       ||     2
 Stab: Sleeping          |       |     2 |       ||     2
Armor: Skin              |     1 |     5 |     3 ||     9
Dodge: Dodged            |    11 |    32 |     3 ||    46
